 Dungeon Crawl Stone Soup version 0.20-a0-259-gc929cd2 (webtiles) character file.

101 Gorggeron the Covered (level 4, -4/40 HPs)
             Began as a Hill Orc Fighter on Dec 2, 2016.
             Slain by a gnoll
             ... wielding a +0 spear
              (5 damage)
             ... on level 3 of the Dungeon.
             The game lasted 00:09:34 (1913 turns).

Gorggeron the Covered (Hill Orc Fighter)            Turns: 1913, Time: 00:09:35

Health: -4/40      AC:  7    Str: 22 (24) XL:     4   Next: 75%
Magic:  4/4        EV:  7    Int:  6 (8)  God:
Gold:   182        SH: 10    Dex:  8 (10) Spells: 3/3 levels left

rFire  . . .     SeeInvis .     a - +0 war axe
rCold  . . .     Gourm    .     b - +0 scale mail
rNeg   . . .     Faith    .     c - +1 shield
rPois  .         Spirit   .     (no helmet)
rElec  .         Reflect  .     (no cloak)
rCorr  .         Harm     .     (no gloves)
MR     .....                    (no boots)
Stlth  ..........               (no amulet)
                                (no ring)
                                (no ring)

@: mighty
A: no striking features
a: no special abilities


You were on level 3 of the Dungeon.
You were hungry.

You visited 1 branch of the dungeon, and saw 3 of its levels.

You collected 182 gold pieces.

Inventory:

Hand Weapons
 a - a +0 war axe (weapon)
Missiles
 e - 65 stones
 k - 21 poisoned needles
 m - 68 arrows
 o - 5 javelins (quivered)
Armour
 b - a +0 scale mail (worn)
 c - a +1 shield (worn)
Jewellery
 s - a +5 ring of protection {unknown}
Scrolls
 g - 2 scrolls of teleportation
 h - a scroll of remove curse
 j - 2 scrolls of enchant armour
Potions
 p - a potion of heal wounds {unknown}
 r - a potion of flight
Books
 q - a book of Cantrips

   Spells                             Type                      Level
   a - Confusing Touch                Hexes                        1
   b - Animate Skeleton               Necromancy                   1
   c - Summon Small Mammal            Summoning                    1
   d - Apportation                    Translocation                1
Comestibles
 f - 4 bread rations
 i - a royal jelly
 l - 3 chunks of flesh
 n - a slice of pizza
 u - a meat ration


   Skills:
 * Level 4.1 Fighting
 + Level 4.0 Axes
 * Level 4.3 Armour
 * Level 4.0 Shields


You had 3 spell levels left.
You didn't know any spells.

Dungeon Overview and Level Annotations

Branches:
Dungeon (3/15)

Altars:
Cheibriados
Dithmenos
Fedhas
Makhleb
Ru
Zin


Message History

You slash the gnoll!
The gnoll is severely wounded.
You are feeling hungry.
The gnoll hits you but does no damage.
The gnoll hits you with a spear of freezing.
* * * LOW HITPOINT WARNING * * *
The gnoll freezes you.
* * * LOW HITPOINT WARNING * * *
Okay, then.
You slash the gnoll!
You kill the gnoll!
Your Shields skill increases to level 4!
The gnoll hits you from afar with a spear.
* * * LOW HITPOINT WARNING * * *
You block the gnoll's attack. You block the gnoll's attack.
Things that are here:
a spear of freezing; a gnoll corpse You barely miss the gnoll.
The gnoll hits you with a spear.
You die...

#.###.........#
#......<..#####
######.### #.#
##.### ##
#....####.# ..
#..........
#.######..#.####.#
#.g@).......#
......#####.....#
#.### ##....#
#..#.# #....#
##.### #+#


You could see a gnoll.

Vanquished Creatures
  3 gnolls (D:3)
  2 adders (D:2)
  An ooze (D:2)
  A leopard gecko (D:1)
  5 bats
  3 giant cockroaches
  3 goblins
  4 hobgoblins
  5 jackals
  6 kobolds
  4 frilled lizards
  15 rats (D:1)
52 creatures vanquished.

Notes
Turn   | Place    | Note
-------+----------+-------------------------------------------
     0 | D:1      | Gorggeron the Hill Orc Fighter began the quest for the Orb.
     0 | D:1      | Reached XP level 1. HP: 19/19 MP: 1/1
    30 | D:1      | Reached XP level 2. HP: 27/27 MP: 2/2
   562 | D:1      | Reached XP level 3. HP: 33/33 MP: 3/3
   764 | D:2      | Found a snail-covered altar of Cheibriados.
  1245 | D:2      | Reached XP level 4. HP: 37/40 MP: 4/4
  1360 | D:2      | Found a blossoming altar of Fedhas.
  1363 | D:2      | Found a glowing silver altar of Zin.
  1369 | D:2      | Found a shadowy altar of Dithmenos.
  1370 | D:2      | Found a burning altar of Makhleb.
  1609 | D:2      | Found a sacrificial altar of Ru.
  1910 | D:3      | HP: 1/40 [gnoll/spear of freezing (2)]
  1913 | D:3      | Slain by a gnoll

Vault maps used:
D:1:      erik_arrival_orb_chamber
D:2:      nicolae_overflow_crystal_walls, minitemple, hangedman_ru_absence,
          kennysheep_generic_room_2
D:3:      uniq_jessica

Skill      XL: |  1  2  3  4 |
---------------+-------------+-----
Axes           | 3 4 |  4.0
Fighting       | 4 |  4.1
Armour         | 4 |  4.3
Shields        | 4 |  4.0

Action                   |  1- 3 |  4- 6 || total
-------------------------+-------+-------++-------
Melee: War axe           |   107 |    50 ||   157
  Use: Scroll            |     4 |     4 ||     8
       Potion            |     1 |     3 ||     4
  Eat: Chunk             |     1 |     2 ||     3
Armor: Scale mail        |    42 |    20 ||    62
Dodge: Dodged            |    30 |    25 ||    55
Block: Shield            |    45 |    39 ||    84
